 Dungeon Sprint DCSS version 0.31-a0-523-g071a6c1ffa (webtiles) character file.

Game seed: 18236264302820926851

105890 Midn8 the End of an Era (level 15, -6/159 HPs)
             Began as a Mummy Monk on Aug 11, 2023.
             Was the Champion of Qazlal.
             Killed from afar by a quicksilver elemental (7 damage)
             ... with a bolt of dispelling energy
             ... in the Dungeon (Sprint V: "Ziggurat Sprint").
             The game lasted 00:15:54 (1533 turns).

Midn8 the End of an Era (Mummy Monk)                Turns: 1533, Time: 00:15:55

Health: -6/159     AC: 33    Str: 26    XL:     15   Next: 96%
Magic:  3/32       EV:  6    Int: 11    God:    Qazlal [******]
Gold:   0          SH: 38    Dex: 18    Spells: 14/14 levels left

rFire   . . .        y - +11 Screaming Sword {sonic wave}
rCold   + + .        u - +18 shield of the Gong {Loud rN+ Will+ rCorr EV-5}
rNeg    + + +        v - +5 gold dragon scales
rPois   ∞            (no helmet)
rElec   +            B - +1 cloak {rCorr}
rCorr   +            (no gloves)
SInv    .            P - +1 pair of boots {Stlth+}
Will    +++..        C - amulet of regeneration Stlth
                     M - ring of Terra Nullius {rElec Will+ Str+6 Dex+3 Stlth+}
HPRegen 1.26/turn    E - +5 ring of evasion
MPRegen 0.23/turn

%: no teleportation, repel missiles, faith
@: protected from physical damage, studying 2 skills
A: cold resistance 1, negative energy resistance 3, torment resistance 2, heat
vulnerability 1, in touch with death 2, no potions, faith
a: Renounce Religion, Upheaval, Elemental Force, Disaster Area


You were in the Dungeon.
You worshipped Qazlal.
Qazlal was exalted by your worship.
You visited 1 branch

Inventory:

Hand Weapons
 a - a +0 hand axe
 s - the +16 obsidian axe {drain, demonic, Mesm Drain Fly SInv}
   (You found it in the Dungeon)

   Mesm:      Its wielder is mesmerised by any visible foes, and it cannot be
   unequipped while any foes are visible.
   SInv:      It lets you see invisible.
   Fly:       It grants you flight.
   Drain:     It drains your maximum health when unequipped.
 w - the +10 dark maul {heavy}
   (You found it in the Dungeon)
 x - the +27 heavy crossbow "Sniper" {heavy, Acc+∞ SInv}
   (You found it in the Dungeon)

   Acc+∞: It never misses its target.
   SInv:      It lets you see invisible.
 y - the +11 Screaming Sword (weapon) {sonic wave}
   (You found it in the Dungeon)
 z - the +8 storm bow {elec, penet}
   (You found it in the Dungeon)
Missiles
 b - 3 javelins
 D - a throwing net
Armour
 t - the +15 Maxwell's patent armour {-Cast -Tele rElec Will+ rCorr}
   (You found it in the Dungeon)

   rElec:     It insulates you from electricity.
   Will+:     It increases your willpower.
   -Cast:     It prevents spellcasting.
   -Tele:     It prevents most forms of teleportation.
   rCorr:     It protects you from acid and corrosion.
 u - the +18 shield of the Gong (worn) {Loud rN+ Will+ rCorr EV-5}
   (You found it in the Dungeon)

   Loud:      It is deafeningly noisy when blocking attacks.
   EV-5:      It affects your evasion (-5).
   rN+:       It protects you from negative energy.
   Will+:     It increases your willpower.
   rCorr:     It protects you from acid and corrosion.
 v - +5 gold dragon scales (worn)
 B - a +1 cloak of preservation (worn)
 P - a +1 pair of boots of stealth (worn)
Jewellery
 l - a ring of flight
 m - a +6 ring of dexterity
 n - a +6 ring of dexterity
 o - a +6 ring of intelligence
 p - a +6 ring of intelligence
 q - a +6 ring of strength
 r - a +6 ring of strength
 C - an amulet of regeneration (around neck)
 E - a +5 ring of evasion (right hand)
 F - a ring of see invisible
 I - an amulet of magic regeneration
 J - the ring "Piceilyw" {Fire Will+ Stlth+}
   (You found it in the Dungeon)

   [ring of fire]

   Fire:      It enhances your fire magic.
   rF+:       It protects you from fire.
   rC-:       It makes you vulnerable to cold.
   Will+:     It increases your willpower.
   Stlth+:    It makes you more stealthy.
 K - the ring of the Mage {Wiz Archmagi}
   (You found it in the Dungeon)

   [ring of wizardry]

   Wiz:       It improves your spell success rate.
   Archmagi:  It increases the power of your magical spells.
 L - an amulet of the acrobat
 M - the ring of Terra Nullius (left hand) {rElec Will+ Str+6 Dex+3 Stlth+}
   (You found it in the Dungeon)

   [ring of strength]

   Str+6:     It affects your strength (+6).
   Dex+3:     It affects your dexterity (+3).
   rElec:     It insulates you from electricity.
   Will+:     It increases your willpower.
   Stlth+:    It makes you more stealthy.
 N - a ring of willpower
 O - a +4 ring of protection
 R - the ring "Tonoeng" {Ice Will+ Str+3}
   (You took it off a merfolk impaler in the Dungeon)

   [ring of ice]

   Ice:       It enhances your ice magic.
   Str+3:     It affects your strength (+3).
   rF-:       It makes you vulnerable to fire.
   rC+:       It protects you from cold.
   Will+:     It increases your willpower.
 T - a ring of ice
 U - a ring of protection from fire
 W - the amulet of Xom's Whimsicality {Acrobat rElec Stlth+}
   (You found it in the Dungeon)

   [amulet of the acrobat]

   Acrobat:   It increases your evasion while moving and waiting.
   rElec:     It insulates you from electricity.
   Stlth+:    It makes you more stealthy.
Wands
 i - a wand of mindburst (14)
 j - a wand of iceblast (24)
 k - a wand of quicksilver (22)
 A - a wand of flame (50)
 H - a wand of charming (27)
 S - a wand of polymorph (6)
 V - a wand of digging (9)
Scrolls
 d - a scroll of blinking
 e - 4 scrolls of amnesia
 f - 7 scrolls of fog
 g - 5 scrolls of identify
 h - 2 scrolls of fear
 G - 7 scrolls of brand weapon
Miscellaneous
 c - a sack of spiders
 Q - a lightning rod (4/4)
 X - a condenser vane
 Y - a phial of floods
 Z - a phantom mirror


   Skills:
 O Level 27 Fighting
 - Level 16.0 Long Blades
 - Level 2.4 Axes
 - Level 15.0 Armour
 - Level 2.4 Dodging
 - Level 10.0 Shields
 O Level 27 Invocations
 + Level 8.1 Evocations


You had 14 spell levels left.
You didn't know any spells.
Your spell library contained the following spells:

 Spells                   Type           Power      Damage    Failure   Level
 Foxfire                  Conj/Fire      0%         2x1d4     100%        1
 Poisonous Vapours        Pois/Air       0%         N/A       100%        2
 Scorch                   Fire           0%         2d5       100%        2
 Dazzling Flash           Conj/Hex       0%         N/A       100%        3
 Gell's Gravitas          Tloc           0%         N/A       100%        3
 Ignite Poison            Fire/Tmut/Pois 0%         N/A       100%        3
 Inner Flame              Hex/Fire       0%         N/A       100%        3
 Mephitic Cloud           Conj/Pois/Air  0%         N/A       100%        3
 Stone Arrow              Conj/Erth      0%         3d7       100%        3
 Teleport Other           Tloc           0%         N/A       100%        3
 Anguish                  Hex/Necr       0%         N/A       100%        4
 Animate Armour           Summ/Erth      0%         N/A       100%        4
 Animate Dead             Necr           0%         N/A       100%        4
 Cause Fear               Hex            0%         N/A       100%        4
 Flame Wave               Conj/Fire      0%         2d4       100%        4
 Fulminant Prism          Conj/Hex       0%         3d5       100%        4
 Olgreb's Toxic Radiance  Pois           0%         N/A       100%        4
 Passage of Golubria      Tloc           0%         N/A       100%        4
 Petrify                  Tmut/Erth      0%         N/A       100%        4
 Sticky Flame             Conj/Fire      0%         2d3       100%        4
 Summon Lightning Spire   Summ/Air       0%         N/A       100%        4
 Fireball                 Conj/Fire      0%         3d3       100%        5
 Freezing Cloud           Conj/Ice/Air   0%         6-21      100%        5
 Iskenderun's Battlesphe  Conj           0%         2d6       100%        5
 Lee's Rapid Deconstruct  Erth           0%         3d4*      100%        5
 Silence                  Hex/Air        0%         N/A       100%        5
 Summon Forest            Summ/Tloc      0%         N/A       100%        5
 Conjure Ball Lightning   Conj/Air       0%         3x3d6     100%        6
 Dispersal                Tloc           0%         N/A       100%        6
 Eringya's Noxious Bog    Tmut/Pois      0%         4d6       100%        6
 Leda's Unmaking          Conj/Erth      0%         9d1       100%        6
 Plasma Beam              Fire/Air       0%         2x1d10    100%        6
 Simulacrum               Ice/Necr       0%         N/A       100%        6
 Starburst                Conj/Fire      0%         6d3       100%        6
 Summon Cactus Giant      Summ           0%         N/A       100%        6
 Enfeeble                 Hex            0%         N/A       100%        7
 Haunt                    Necr/Summ      0%         N/A       100%        7
 Orb of Destruction       Conj           0%         9d5       100%        7
 Ozocubu's Refrigeration  Ice            0%         4d7       100%        7
 Spellforged Servitor     Conj/Summ      0%         N/A       100%        7
 Summon Hydra             Summ           0%         N/A       100%        7
 Discord                  Hex            0%         N/A       100%        8
 Disjunction              Tloc           0%         N/A       100%        8
 Infestation              Necr           0%         N/A       100%        8
 Lehudib's Crystal Spear  Conj/Erth      0%         10d2      100%        8
 Polar Vortex             Ice            0%         N/A       100%        9


Dungeon Overview and Level Annotations

Branches:
Dungeon (1/1)

Altars:
Ashenzari
Cheibriados
Dithmenos
Fedhas
Gozag
Hepliaklqana
Kikubaaqudgha
Makhleb
Nemelex Xobeh
Okawaru
Qazlal
Ru
Sif Muna
Trog
Uskayaw
Vehumet
Wu Jian
Xom
Yredelemnul
Jiyva
Lugonu

Annotations:
D 1 transporter


Innate Abilities, Weirdness & Mutations

You are immune to poison.
Your flesh is cold resistant. (rC+)
You are immune to negative energy. (rN+++)
You are immune to unholy pain and torment.
You are vulnerable to heat. (rF-)
You are strongly in touch with the powers of death.
You do not drink.
You have a special connection with the divine. (Faith)


Message History

Your Evocations skill increases to level 8!
Unknown command.
You slice the Hell Sentinel!!
The Hell Sentinel is severely wounded.
You block the iron golem's attack.
GONNNNG!
The iron golem closely misses you.
Unknown command.
You completely miss the Hell Sentinel.
The Hell Sentinel is severely wounded.
You block the Hell Sentinel's attack.
GONNNNG!
You block the Hell Sentinel's attack.
GONNNNG!
A quicksilver elemental comes into view.
You slice the iron golem!!
The iron golem is heavily damaged.
You block the Hell Sentinel's attack.
PANG!
You block the Hell Sentinel's attack.
BOUMMMMG!
The iron golem hits you!
* * * LOW HITPOINT WARNING * * *
The iron golem barely misses you.
Unknown command.
Blink to where?
Press: ? - help, Dir - move target
Found a transporter.
As you read the scroll of blinking, it crumbles to dust.
The Hell Sentinel gestures at you.
The sphere of damnation explodes!
The damnation engulfs you!!
* * * LOW HITPOINT WARNING * * *
The quicksilver elemental breathes dispelling energy at you.
The bolt of dispelling energy hits you!!
* * * LOW HITPOINT WARNING * * *
The quicksilver elemental breathes dispelling energy at you.
The bolt of dispelling energy misses you.
The quicksilver elemental breathes dispelling energy at you.
The bolt of dispelling energy hits you!
You die...

▓8...).........8▓▓.......
▓_............._▓▓.......
▓8...[..!......8▓▓.......
▓_...[.<......._▓▓.......
▓8.............8▓▓...▓...
▓_............._▓▓..▓▓▓..
▓8_8_8_8_8_8_8_8▓▓...▓...
▓▓▓▓▓▓▓▓▓▓▓▓▓▓▓▓▓▓.......
......8@8...... ▓.......
..?.:[E○))::[...▓▓▓▓▓▓▓▓
..|.=|.☼[[.|..≈.▓....~~8
../)≈.|[EE.|:...▓~~~≈~)~
....≈≈≈≈1..)".≈..▓..:))≈~
....≈.≈9≈≈z)...≈.▓.~.~[.[
.....≈.r≈9)≈.≈≈..▓~...)..
≈.≈≈≈.9.1°≈1≈≈...▓.~~~[..
≈.≈≈..≈≈≈...≈≈≈..▓~.~..).


You could see 3 iron golems, 3 Hell Sentinels, 3 quicksilver elementals, an
ancient champion and a crystal echidna.

Vanquished Creatures
  4 caustic shrikes (D)
  3 iron giants (D)
  2 Hell Sentinels (D)
  A deep elf master archer (D)
  A deep elf blademaster (D)
  4 krakens (D)
  6 ancient champions (D)
  4 shadow dragons (D)
  2 nagarajas (D)
  3 quicksilver elementals (D)
  2 deep elf sorcerers (D)
  2 ironbound preservers (D)
  A vault warden (D)
  A ghoul (D)
  4 war gargoyles (D)
  An iron golem (D)
  9 merfolk javelineers (D)
  2 mummy priests (D)
  7 merfolk impalers (D)
  A peacekeeper (D)
  A great orb of eyes (D)
  3 entropy weavers (D)
  A yaktaur captain (D)
  4 vault guards (D)
  A radroach (D)
  An ironbound frostheart (D)
  3 merfolk aquamancers (D)
  5 anacondas (D)
  A naga warrior (D)
  4 dancing weapons (D)
  2 satyrs (D)
  2 demonic crawlers (D)
  A death scarab (D)
  4 deep elf knights (D)
  5 soul eaters (D)
  6 crystal echidnas (D)
  3 sea snakes (D)
  2 wizards (D)
  An ironbound convoker (D)
  2 orc knights (D)
  2 deep elf pyromancers (D)
  2 deep elf archers (D)
  2 deep elf zephyrmancers (D)
  A faun (D)
  An orc sorcerer (D)
  3 manticores (D)
  5 guardian serpents (D)
  2 merfolk sirens (D)
  3 naga magi (D)
  2 cane toads (D)
  4 black mambas (D)
  A torpor snail (D)
  A water nymph (D)
  4 hellions (D)
  A rime drake (D)
  2 komodo dragons (D)
  2 tormentors (D)
  A guardian mummy (D)
  2 wind drakes (D)
  5 merfolk (D)
  3 tarantellas (D)
  A jumping spider (D)
  2 flying skulls (D)
  2 culicivoras (D)
  A wyvern (D)
  2 spriggans (D)
  A water elemental (D)
  An air elemental (D)
  A yak (D)
  A basilisk (D)
  A hog (shapeshifter) (D)
  8 nagas (D)
  4 water moccasins (D)
  A warg (D)
  5 orc warriors (D)
  3 black bears (D)
  7 wolves (D)
  2 phantoms (D)
  2 bullfrogs (D)
  A necrophage (D)
  3 scorpions (D)
  A wight (D)
  2 orc priests (D)
  4 orc wizards (D)
  4 mummies (D)
  3 adders (D)
  3 spectral adders (D)
  2 adder zombies (D)
  An adder skeleton (D)
  3 orcs (D)
  2 ball pythons (D)
  5 bat skeletons (D)
  6 bat zombies (D)
  2 ball python skeletons (D)
  2 ball python zombies (D)
  3 giant cockroach zombies (D)
  A jackal skeleton (D)
  A jackal zombie (D)
  3 quokka skeletons (D)
  A quokka zombie (D)
  4 spectral ball pythons (D)
  A spectral giant cockroach (D)
  A spectral quokka (D)
  13 tentacles (D)
278 creatures vanquished.

Vanquished Creatures (others)
  3 tentacles (D)
3 creatures vanquished.

Grand Total: 281 creatures vanquished

Notes
Turn   | Place    | Note
-------+----------+-------------------------------------------
     0 | D        | Midn8 the Mummy Monk began the quest for the Orb.
     0 | D        | Reached XP level 1. HP: 18/18 MP: 1/1
     0 | D        | Found a shimmering blue altar of Sif Muna.
     0 | D        | Found a sacrificial altar of Ru.
     0 | D        | Found a bloodstained altar of Trog.
     0 | D        | Found a stormy altar of Qazlal.
     0 | D        | Found an iron altar of Okawaru.
     0 | D        | Found a sparkling altar of Nemelex Xobeh.
     0 | D        | Found a blossoming altar of Fedhas.
     0 | D        | Found the +6 Majin-Bo {spellvamp, MP+6 Int+6}
     0 | D        | Found the +27 heavy crossbow "Sniper" {heavy, Acc+∞ SInv}
     0 | D        | Found the +10 dark maul {heavy}
     0 | D        | Found the +15 Maxwell's patent armour {-Cast -Tele rElec
                  | Will+ rCorr}
     0 | D        | Found the +18 shield of the Gong {Loud rN+ Will+ rCorr
                  | EV-5}
     0 | D        | Found the +16 obsidian axe {drain, demonic, Mesm Drain Fly
                  | SInv}
     0 | D        | Found the +7 great mace "Firestarter" {flame, immolate,
                  | rFlCloud rF++}
     0 | D        | Found the +6 shillelagh "Devastator" {shatter}
     0 | D        | Found the +11 plutonium sword {Contam Stlth-}
     0 | D        | Found the +8 lance "Wyrmbane" {slay drac, rPois rF+ rC+
                  | AC+3}
     0 | D        | Found the +9 sword of Zonguldrok {reap}
     0 | D        | Found the +13 scythe of Curses {drain, curses, Drain}
     0 | D        | Found the +9 sword of Power {lifebolt}
     0 | D        | Found the +7 mace of Variability {chaos, chaos arc}
     0 | D        | Found the +11 Singing Sword {sonic wave}
     0 | D        | Found the +8 storm bow {elec, penet}
     1 | D        | Found a transporter.
     1 | D        | Found an ancient bone altar of Kikubaaqudgha.
     1 | D        | Found a viscous altar of Jiyva.
     1 | D        | Found a corrupted altar of Lugonu.
     1 | D        | Found a hazy altar of Hepliaklqana.
     1 | D        | Found a burning altar of Makhleb.
     1 | D        | Found an opulent altar of Gozag.
    88 | D        | Became a worshipper of Qazlal Stormbringer
    88 | D        | Reached * piety under Qazlal
    88 | D        | Reached ** piety under Qazlal
   101 | D        | Entered arena 2.
   101 | D        | Noticed a wight
   101 | D        | Found a transporter.
   106 | D        | Reached skill level 1 in Invocations
   109 | D        | Killed a wight
   110 | D        | Reached XP level 2. HP: 24/24 MP: 1/6
   110 | D        | Gained mutation: You are in touch with the powers of death.
                  | [Mummy growth]
   110 | D        | Reached XP level 3. HP: 29/29 MP: 1/7
   172 | D        | Entered arena 3.
   172 | D        | Noticed a black bear
   172 | D        | Noticed a wolf
   172 | D        | Noticed a black bear
   172 | D        | Found a transporter.
   174 | D        | Killed a black bear
   174 | D        | Killed a wolf
   174 | D        | Reached *** piety under Qazlal
   175 | D        | Reached skill level 10 in Invocations
   175 | D        | Reached XP level 4. HP: 35/35 MP: 1/11
   175 | D        | Reached XP level 5. HP: 41/41 MP: 1/12
   178 | D        | Killed a black bear
   179 | D        | Reached XP level 6. HP: 47/47 MP: 1/14
   266 | D        | Entered arena 4.
   266 | D        | Noticed a tarantella
   266 | D        | Found a transporter.
   268 | D        | Killed a tarantella
   269 | D        | Reached XP level 7. HP: 52/52 MP: 9/17
   269 | D        | Reached **** piety under Qazlal
   320 | D        | Entered arena 5.
   320 | D        | Found a transporter.
   321 | D        | Reached ***** piety under Qazlal
   326 | D        | Got the Catalogue of the Ashen Panacea
   328 | D        | Got the quicksilver dragon scales of Puckish Satisfaction
                  | {+Inv rF+ Will+}
   341 | D        | Entered arena 6.
   341 | D        | Found a transporter.
   353 | D        | Reached skill level 15 in Invocations
   367 | D        | Entered arena 7.
   368 | D        | Reached ****** piety under Qazlal
   369 | D        | Reached XP level 8. HP: 58/58 MP: 15/19
   371 | D        | Found a transporter.
   391 | D        | Entered arena 8.
   391 | D        | Found the +7 lajatang of Order {silver, rMut}
   391 | D        | Noticed an ironbound preserver
   391 | D        | Noticed a wizard
   391 | D        | Noticed a wizard
   391 | D        | Noticed a vault guard
   391 | D        | Noticed a peacekeeper
   391 | D        | Noticed a vault warden
   392 | D        | Killed a wizard
   392 | D        | Killed a wizard
   392 | D        | Killed a peacekeeper
   393 | D        | Reached XP level 9. HP: 63/63 MP: 11/22
   393 | D        | Found a transporter.
   395 | D        | Killed a vault warden
   395 | D        | Killed an ironbound preserver
   395 | D        | Killed a vault guard
   396 | D        | Reached XP level 10. HP: 70/70 MP: 5/24
   493 | D        | Entered arena 9.
   542 | D        | Found a transporter.
   558 | D        | Entered arena 10.
   560 | D        | Found a transporter.
   575 | D        | Got the ring "Piceilyw" {Fire Will+ Stlth+}
   580 | D        | Entered arena 11.
   580 | D        | Found the ring of the Mage {Wiz Archmagi}
   580 | D        | Noticed a vault guard
   580 | D        | Noticed a vault guard
   580 | D        | Noticed a yaktaur captain
   580 | D        | Noticed an ironbound convoker
   580 | D        | Noticed an entropy weaver
   580 | D        | Noticed an ironbound preserver
   580 | D        | Noticed a vault guard
   580 | D        | Noticed a great orb of eyes
   580 | D        | Noticed an ironbound frostheart
   581 | D        | Killed an ironbound frostheart
   581 | D        | Killed a great orb of eyes
   581 | D        | Killed a yaktaur captain
   581 | D        | Killed a vault guard
   581 | D        | Killed an ironbound convoker
   581 | D        | Killed an entropy weaver
   582 | D        | Reached XP level 11. HP: 75/75 MP: 17/27
   582 | D        | Killed an ironbound preserver
   582 | D        | Killed a vault guard
   583 | D        | Found a transporter.
   585 | D        | Killed a vault guard
   646 | D        | Entered arena 12.
   646 | D        | Noticed an orc sorcerer
   647 | D        | Noticed an orc knight
   647 | D        | Identified the +1 dire flail "Yfyeta" {venom, rElec rF+
                  | Dex-5}
   647 | D        | Noticed an orc knight
   647 | D        | Identified the +10 long sword of the First Invaders
                  | {freeze, Stlth+}
   648 | D        | Killed an orc sorcerer
   648 | D        | Killed an orc knight
   648 | D        | Killed an orc knight
   688 | D        | Found a transporter.
   720 | D        | Entered arena 13.
   720 | D        | Noticed a demonic crawler
   720 | D        | Noticed an entropy weaver
   720 | D        | Noticed an entropy weaver
   720 | D        | Noticed a demonic crawler
   721 | D        | Noticed a radroach
   722 | D        | Killed an entropy weaver
   722 | D        | Killed a demonic crawler
   722 | D        | Killed an entropy weaver
   722 | D        | Killed a demonic crawler
   723 | D        | Reached skill level 27 in Invocations
   723 | D        | Reached XP level 12. HP: 83/83 MP: 19/29
   723 | D        | Found a transporter.
   727 | D        | Killed a radroach
   728 | D        | Reached skill level 5 in Fighting
   732 | D        | Got the ring of Terra Nullius {rElec Will+ Str+6 Dex+3
                  | Stlth+}
   769 | D        | Entered arena 14.
   770 | D        | Noticed a death scarab
   770 | D        | Noticed a mummy priest
   771 | D        | Noticed a mummy priest
   772 | D        | Killed a mummy priest
   772 | D        | Killed a death scarab
   772 | D        | Killed a mummy priest
   773 | D        | Reached skill level 10 in Fighting
   773 | D        | Found a transporter.
   807 | D        | Entered arena 15.
   807 | D        | Noticed a caustic shrike
   807 | D        | Noticed a war gargoyle
   807 | D        | Noticed a war gargoyle
   807 | D        | Noticed an ancient champion
   807 | D        | Noticed an iron giant
   808 | D        | Noticed an ancient champion
   808 | D        | Noticed an ancient champion
   808 | D        | Noticed a quicksilver elemental
   808 | D        | Noticed an ancient champion
   808 | D        | Noticed an iron golem
   809 | D        | Noticed a war gargoyle
   809 | D        | Killed an ancient champion
   809 | D        | Killed an ancient champion
   809 | D        | Killed a war gargoyle
   809 | D        | Killed a caustic shrike
   809 | D        | Killed an ancient champion
   809 | D        | Killed a war gargoyle
   809 | D        | Killed an ancient champion
   809 | D        | Killed a war gargoyle
   809 | D        | Killed a quicksilver elemental
   810 | D        | Reached skill level 10 in Armour
   810 | D        | Gained mutation: You are strongly in touch with the powers
                  | of death. [Mummy growth]
   810 | D        | Reached XP level 13. HP: 82/112 MP: 21/30
   810 | D        | Killed an iron giant
   816 | D        | Found a transporter.
   827 | D        | Killed an iron golem
   828 | D        | Reached skill level 15 in Fighting
   951 | D        | Entered arena 16.
   951 | D        | Noticed a shadow dragon
   952 | D        | Noticed a shadow dragon
   957 | D        | Killed a shadow dragon
   957 | D        | Killed a shadow dragon
  1019 | D        | Found a transporter.
  1027 | D        | Got Limo Usch's Discourse on the Solid Crypt
  1052 | D        | Entered arena 17.
  1063 | D        | Found a transporter.
  1070 | D        | Acquired a +1 pair of boots of stealth
  1079 | D        | Got the Secrets of the Conjured Spider
  1097 | D        | Entered arena 18.
  1098 | D        | Noticed a merfolk javelineer
  1099 | D        | Identified the ring "Tonoeng" {Ice Will+ Str+3}
  1099 | D        | Noticed a merfolk impaler
  1099 | D        | Noticed a merfolk javelineer
  1100 | D        | Killed a merfolk impaler
  1100 | D        | Killed a merfolk javelineer
  1100 | D        | Killed a merfolk impaler
  1100 | D        | Killed a merfolk javelineer
  1100 | D        | Killed a merfolk impaler
  1100 | D        | Killed a merfolk impaler
  1101 | D        | Noticed a merfolk javelineer
  1103 | D        | Found a transporter.
  1104 | D        | Killed a merfolk javelineer
  1105 | D        | Reached XP level 14. HP: 134/134 MP: 20/31
  1109 | D        | Reached skill level 1 in Shields
  1156 | D        | Entered arena 19.
  1158 | D        | Noticed a deep elf master archer
  1158 | D        | Noticed a deep elf sorcerer
  1158 | D        | Noticed a deep elf blademaster
  1159 | D        | Noticed a deep elf sorcerer
  1159 | D        | Identified the staff of Shame {rElec rF+ Will++ Fire}
  1159 | D        | Identified the +4 great mace "Dovvetse" {flame, rN+ Str+5}
  1160 | D        | Identified the +8 hand axe "Myilafy" {drain, rN+ Str+4}
  1160 | D        | Identified the +7 short sword of Semiymp {heavy, Drain
                  | Fragile rN+++ Str+3}
  1161 | D        | Killed a deep elf sorcerer
  1161 | D        | Killed a deep elf blademaster
  1161 | D        | Killed a deep elf sorcerer
  1161 | D        | Killed a deep elf master archer
  1162 | D        | Reached skill level 10 in Shields
  1162 | D        | Found a transporter.
  1223 | D        | Entered arena 20.
  1227 | D        | Noticed a shadow dragon
  1228 | D        | Noticed a ghoul
  1228 | D        | Noticed a shadow dragon
  1240 | D        | Killed a ghoul
  1240 | D        | Killed a shadow dragon
  1242 | D        | Killed a shadow dragon
  1297 | D        | Found a transporter.
  1303 | D        | Got the amulet of Xom's Whimsicality {Acrobat rElec Stlth+}
  1357 | D        | Entered arena 21.
  1360 | D        | Identified the ring of Reuteli {MP+9 Str+2}
  1362 | D        | Identified the +3 buckler "Esin" {rF+ Str+6}
  1362 | D        | Identified the ring of Yesterday {rF- MP+9 Dex+5 Slay+3}
  1362 | D        | Noticed a kraken
  1362 | D        | Noticed a kraken
  1363 | D        | Killed a kraken
  1363 | D        | Killed a kraken
  1364 | D        | Reached skill level 15 in Armour
  1364 | D        | Reached XP level 15. HP: 153/153 MP: 23/32
  1366 | D        | Noticed a kraken
  1367 | D        | Noticed a kraken
  1367 | D        | Killed a kraken
  1368 | D        | Found a transporter.
  1371 | D        | Killed a kraken
  1434 | D        | Entered arena 22.
  1437 | D        | Noticed a nagaraja
  1439 | D        | Killed a nagaraja
  1442 | D        | Noticed a nagaraja
  1445 | D        | Reached skill level 27 in Fighting
  1463 | D        | Killed a nagaraja
  1464 | D        | Found a transporter.
  1510 | D        | Entered arena 23.
  1514 | D        | Noticed a caustic shrike
  1514 | D        | Noticed a quicksilver elemental
  1515 | D        | Noticed an iron giant
  1515 | D        | Noticed a Hell Sentinel
  1515 | D        | Noticed an iron giant
  1516 | D        | Killed a caustic shrike
  1516 | D        | Noticed a Hell Sentinel
  1517 | D        | Killed an iron giant
  1517 | D        | Killed a quicksilver elemental
  1517 | D        | Noticed a caustic shrike
  1518 | D        | Killed an ancient champion
  1518 | D        | Killed a caustic shrike
  1518 | D        | Killed an iron giant
  1518 | D        | Noticed a Hell Sentinel
  1519 | D        | Reached skill level 15 in Long Blades
  1519 | D        | Killed a Hell Sentinel
  1523 | D        | Noticed an ancient champion
  1523 | D        | Noticed a Hell Sentinel
  1523 | D        | Noticed a quicksilver elemental
  1523 | D        | Noticed a caustic shrike
  1523 | D        | Noticed a Hell Sentinel
  1523 | D        | Noticed an ancient champion
  1523 | D        | Found the ring of the Hare {EV+10}
  1523 | D        | Noticed a quicksilver elemental
  1524 | D        | Noticed a quicksilver elemental
  1527 | D        | Killed a caustic shrike
  1527 | D        | Killed an ancient champion
  1527 | D        | Killed a Hell Sentinel
  1528 | D        | Killed a quicksilver elemental
  1530 | D        | Noticed a quicksilver elemental
  1532 | D        | Found a transporter.
  1533 | D        | HP: 1/159 [quicksilver elemental/bolt of dispelling energy
                  | (20)]
  1533 | D        | Killed from afar by a quicksilver elemental

Illustrated notes

Levels and vault maps discovered:
D:        sprint_v [room_start, room_1, room_2, room_3, room_4, room_5, room_6,
          room_7, room_8, room_9, room_10, room_11, room_12, room_13, room_14,
          room_15, room_16, room_17, room_18, room_19, room_20, room_21,
          room_22, room_23, room_24, room_25, room_26, room_27]

Skill      XL: |  1  2  3  4  5  6  7  8  9 10 11 12 13 14 15 |
---------------+----------------------------------------------+-----
Invocations    | 6 10 11 13 15 19 21 24 27 | 27.0
Fighting       | 4 13 19 24 27 | 27.0
Armour         | 10 15 | 15.0
Long Blades    | 8 16 | 16.0
Shields        | 10 | 10.0
Evocations     | 8 |  8.1
Axes           | |  2.4
Dodging        | |  2.4

Action                     |  1- 3 |  4- 6 |  7- 9 | 10-12 | 13-15 || total
---------------------------+-------+-------+-------+-------+-------++-------
  Melee: Double sword      |     7 |     3 |    14 |     5 |    55 ||    84
 Invoke: Upheaval          |     2 |     2 |     4 |     2 |    12 ||    22
         Disaster Area     |       |       |     1 |     6 |    12 ||    19
  Evoke: Wand              |     1 |       |       |       |       ||     1
    Use: Scroll            |       |       |       |       |     4 ||     4
 Armour: Plate armour      |     4 |     5 |     6 |     2 |     2 ||    19
         Gold dragon scale |       |       |       |       |    36 ||    36
  Dodge: Dodged            |       |       |     1 |     1 |    14 ||    16
  Block: Kite shield       |    10 |     3 |    26 |     6 |   134 ||   179

Table legend: (Time is in decaauts)
 A = Elapsed time spent in this place.
 B = Non-inter-level travel time spent in this place.
 C = Inter-level travel time spent in this place.
 D = Time resting spent in this place.
 E = Time spent auto-exploring this place.
 F = Levels seen in this place.
 G = Mean time per level.
                   A        B        C        D        E       F      G
               +--------+--------+--------+--------+--------+-----+--------+
         Total |   1601 |   1597 |      4 |    618 |     20 |   1 | 1601.0 |
       Dungeon |   1601 |   1597 |      4 |    618 |     20 |   1 | 1601.0 |
               +--------+--------+--------+--------+--------+-----+--------+

Top non-repeatable levels by time:
       D: 1601 daAuts
